 Dungeon Crawl Stone Soup version 0.18-a0-1526-gcb34c7c (webtiles) character file.

65 GrosslyIncandescent the Insei (level 3, -3/29 HPs)
             Began as a Mummy Monk on Mar 8, 2016.
             Slain by a vampire mosquito (6 damage)
             ... on level 1 of the Dungeon.
             The game lasted 00:05:05 (7709 turns).

GrosslyIncandescent the Insei (Mummy Monk)          Turns: 7709, Time: 00:05:06

Health: -3/29      AC:  3    Str: 14    XL:     3   Next: 94%
Magic:  3/3        EV:  8    Int:  9    God:
Gold:   88         SH:  0    Dex: 15    Spells: 0 memorised, 2 levels left

rFire  x . .     SeeInvis +       - Unarmed
rCold  + . .     Gourm    .     (no armour)
rNeg   + + +     Faith    .     (no shield)
rPois  ∞         Spirit   .     (no helmet)
rElec  .         Dismiss  .     (no cloak)
rCorr  .         Reflect  .     (no gloves)
SustAt .         Harm     .     (no boots)
MR     .....                    (no amulet)
Stlth  ++........               d - +3 ring of protection
                                a - ring of see invisible

@: not resistant to hostile enchantments, unstealthy
A: no food or potions, fire vulnerability, cold resistance 1, negative energy
resistance 3, torment resistance, unbreathing
a: no special abilities


You were on level 1 of the Dungeon.
You were not hungry.

You visited 1 branch of the dungeon, and saw 2 of its levels.

You collected 88 gold pieces.


Innate Abilities, Weirdness & Mutations

You do not eat or drink.
Your flesh is vulnerable to fire.
You are immune to poison.
Your flesh is cold resistant.
You are immune to negative energy.
You are immune to unholy pain and torment.
You can survive without breathing.


   Skills:
 - Level 3.0 Fighting
 - Level 2.4 Dodging
 - Level 1.5 Stealth
 + Level 4.6 Unarmed Combat


You had 2 spell levels left.
You didn't know any spells.

Inventory:

Jewellery
 a - a ring of see invisible (left hand)
 d - a +3 ring of protection (right hand)
Scrolls
 b - a scroll of remove curse {unknown}
 c - a scroll of blinking {unknown}
 e - a scroll of enchant weapon {unknown}
 f - a scroll of identify {unknown}

Dungeon Overview and Level Annotations

Branches:
Dungeon (2/15)

Altars:
Gozag

Annotations:
D:1 exclusion: 24 doors
D:2 exclusion: upstairs

▒.▒▒.......▒.......▒▒▒▒
▒▒▒▒▒▒▒▒▒!▒....................
▒.......▒.▒.......▒▒▒▒▒▒▒▒.▒▒▒▒
▒.......▒.▒..▒..........[..▒
'.......'............†...>▒▒
▒.......▒.▒...........▒▒▒(▒
'.......'.............▒ ▒(▒
▒.......▒'▒..y........▒ ▒.▒
▒............yM.......▒ ▒.▒
▒▒▒▒.........▒+▒▒▒▒▒▒▒▒ ▒.▒
▒.........▒.▒ ▒(▒ ▒.........▒.▒
..▒ ▒.........▒.▒ ▒▒▒
▒.........▒..
.▒..▒▒............
.............▒...▒
...........y.▒....


You could see 2 vampire mosquitoes.


Message History

You see here a bat corpse!
The quokka twitches its whiskers!
You pulverise the quokka!
The quokka is heavily wounded!
The quokka bites you!
You squash the quokka like an ant!
The quokka is almost dead!
The quokka bites you!
You barely miss the quokka!
The quokka is almost dead!
The quokka bites you but does no damage!
You beat the quokka but do no damage!
Your punch misses the quokka!
The quokka is almost dead!
The quokka completely misses you!
You pulverise the quokka!
You annihilate the quokka!!!
No target in view!!!
No target in view!!!
There is an escape hatch in the floor here!
The vampire mosquito buzzes angrily!
The vampire mosquito bites you!
The vampire mosquito bites you!!! * * * don't die
* * * The vampire mosquito bites you! * * * don't die
* * * The vampire mosquito bites you!!! * * * don't die
* * *
There is an escape hatch in the floor here!
The vampire mosquito completely misses you!
The vampire mosquito bites you! rip

Action                   || total
-------------------------++-------
Melee: Unarmed           ||   138
 Stab: Sleeping          ||     3

Vault maps used:
D:1:      dpeg_arrival_castle
D:2:      lemuel_crystal_altar, kennysheep_generic_room_2

Notes
Turn   | Place    | Note
--------------------------------------------------------------
     0 | D:1      | GrosslyIncandescent the Mummy Monk began the quest for the Orb.
     0 | D:1      | Reached XP level 1. HP: 18/18 MP: 1/1
  5388 | D:1      | Noticed a vampire mosquito
  5395 | D:1      | Noticed a vampire mosquito
  5395 | D:1      | Noticed a vampire mosquito
  5957 | D:2      | Reached XP level 2. HP: 22/24 MP: 2/2
  6417 | D:2      | Found an opulent altar of Gozag.
  6562 | D:2      | Reached skill level 4 in Unarmed Combat
  6592 | D:2      | Reached XP level 3. HP: 25/29 MP: 3/3
  7707 | D:1      | HP: 2/29 [vampire mosquito (11)]
  7709 | D:1      | Slain by a vampire mosquito

Vanquished Creatures
  3 adders (D:2)
  A worm (D:2)
  A dart slug (D:2)
  8 bats
  3 giant cockroaches
  2 goblins (D:1)
  3 hobgoblins (D:2)
  2 kobolds
  2 quokkas
  A ball python (D:1)
  3 giant newts
  4 rats
33 creatures vanquished.
